Map: 파라 사이트 - 래더

Players

Creator - Winner!

  • Race: Protoss Protoss
  • League: Master
  • Spawn Location: 5:00

goblin

  • Race: Protoss Protoss
  • Spawn Location: 11:00

Event: HomeStory Cup XVIII

VOD

Have the link to the VOD?

Description

Time

  • Played on: Nov. 22, 2018, 11:05 a.m.
  • Length: 6:16

All games in this series

Show
View Real Time Build Order
Export as new Build Order

Creator Protoss - Winner!

Build Orders: Oracle Opening, Phoenix Opening 

Get SALT Encoding   

  12  0:00  Probe  
  13  0:13  Probe  
  14  0:17  Pylon  
  14  0:24  Probe  
  15  0:32  Probe  
  15  0:36  Gateway  
  15  0:40  Probe  
  16  0:45  Assimilator  
  17  0:51  Probe  
  17  0:53  Assimilator  
  18  0:59  Probe  
  19  1:05  Gateway  
  19  1:07  Probe  
  20  1:17  Probe  
  20  1:23  Cybernetics Core  
  21  1:29  Probe  
  22  1:32  Pylon  
  22  1:41  Probe  
  23  1:54  Probe  
  24  2:00  Sentry, Stalker  
  24  2:01  Warp Gate  
  28  2:11  Pylon  
  28  2:28  Stargate  
  28  2:34  Phoenix  
  28  2:37  Stalker, Probe  
  30  2:45  Stalker  
  32  2:57  Shield Battery  
  32  3:04  Oracle  
  32  3:06  Shield Battery  
  35  3:20  Nexus  
  35  3:23  Shield Battery  
  35  3:33  Phoenix  
  35  3:35  Pylon  
  35  3:38  Shield Battery  
  37  3:55  Probe  
  38  3:56  Phoenix  
  40  4:03  Pylon  
  40  4:18  Phoenix  
  40  4:21  Probe  
  40  4:32  Stalker  
  40  4:33  Probe  
  44  4:38  Phoenix  
  44  4:39  Adept  
  47  4:45  Gateway  
  47  4:57  Stalker  
  47  4:58  Probe  
  47  4:59  Probe  
  51  5:04  Pylon  
  45  5:12  Probe x2  
  47  5:25  Stalker  
  45  5:30  Stalker  
  46  5:47  Stalker  
  46  5:49  Stalker  
  50  5:55  Gateway  
  48  6:09  Stalker x2  
Show
View Real Time Build Order
Export as new Build Order

goblin Protoss 

Build Orders: Oracle Opening, Mass Adepts 

Get SALT Encoding   

  12  0:01  Probe  
  13  0:13  Probe  
  14  0:17  Pylon  
  14  0:24  Probe  
  15  0:32  Probe  
  15  0:38  Gateway  
  15  0:40  Probe  
  16  0:45  Assimilator  
  17  0:51  Probe  
  17  0:55  Assimilator  
  18  0:59  Probe  
  19  1:07  Gateway, Probe  
  20  1:18  Probe  
  20  1:25  Cybernetics Core  
  21  1:30  Probe  
  22  1:36  Pylon  
  22  1:42  Probe  
  23  1:54  Pylon  
  24  2:01  Adept x2  
  24  2:02  Warp Gate  
  27  2:12  Stargate  
  27  2:19  Pylon  
  27  2:30  Adept x2  
  31  2:44  Oracle  
  34  3:05  Pylon, Adept x2  
  38  3:17  Oracle  
  41  3:27  Gateway  
  41  3:29  Gateway  
  41  3:49  Shield Battery  
  41  4:06  Stalker x2  
  45  4:13  Probe  
  39  4:25  Probe  
  39  4:29  Adept x4  
  46  4:55  Adept x3  
  34  5:16  Stalker x2  
  38  5:34  Stalker  
  38  5:35  Stalker  
  42  5:51  Zealot, Stalker  
Tags
 
Add a new tag
Caveats
  • Supply blocks, unpowered buildings, or Contaminate may cause inaccurate times.
  • Supply counts are checked every 10 seconds.